 Dungeon Crawl Stone Soup version 0.18.1-8-gdd0e5ea (webtiles) character file.

55 mindo the Charmwright (level 3, 0/24 HPs)
             Began as a High Elf Skald on June 2, 2016.
             Slain by an adder (1 damage)
             ... on level 2 of the Dungeon.
             The game lasted 00:07:17 (1307 turns).

mindo the Charmwright (High Elf Skald)              Turns: 1307, Time: 00:07:17

Health: 0/24       AC:  3    Str: 11    XL:     3   Next: 67%
Magic:  7/8        EV: 11    Int: 16    God:
Gold:   86         SH:  0    Dex: 15    Spells: 1 memorised, 6 levels left

rFire  . . .     SeeInvis .     j - +1 short sword (elec)
rCold  . . .     Gourm    .     b - +0 leather armour
rNeg   . . .     Faith    .     (no shield)
rPois  .         Spirit   .     (no helmet)
rElec  .         Dismiss  .     (no cloak)
rCorr  .         Reflect  .     (no gloves)
SustAt .         Harm     .     (no boots)
MR     .....                    (no amulet)
Stlth  +.........               (no ring)
                                (no ring)

@: lethally poisoned (0 -> -5), infused, not resistant to hostile enchantments,
very unstealthy
A: no striking features
a: no special abilities


You were on level 2 of the Dungeon.
You were not hungry.

You visited 1 branch of the dungeon, and saw 2 of its levels.

You collected 86 gold pieces.

Inventory:

Hand Weapons
 a - a +0 falchion
 e - a +2 dagger of draining
 j - a +1 short sword of electrocution (weapon)
Armour
 b - a +0 leather armour (worn)
Jewellery
 h - a cursed -2 ring of evasion {unknown}
Scrolls
 f - 2 scrolls of teleportation
 k - 2 scrolls of immolation {unknown}
 l - a scroll of fear {unknown}
 m - a scroll of remove curse {unknown}
Potions
 i - a potion of cure mutation {unknown}
Books
 c - a book of Battle

   Spells                             Type                      Level
   a - Infusion                       Charms                       1
   b - Shroud of Golubria             Charms/Translocation         2
   c - Song of Slaying                Charms                       2
   d - Spectral Weapon                Hexes/Charms                 3
   e - Regeneration                   Charms/Necromancy            3
Comestibles
 g - 2 fruits


   Skills:
 + Level 2.2 Fighting
 + Level 0.5(2.0) Short Blades
 + Level 3.0(3.1) Long Blades
 + Level 1.2 Armour
 + Level 1.3 Dodging
 + Level 2.8 Spellcasting
 + Level 4.4 Charms


You had 6 spell levels left.
You knew the following spells:

 Your Spells              Type           Power        Failure   Level  Hunger
a - Infusion              Chrm           ###.         4%          1    #......


Dungeon Overview and Level Annotations

Branches:
Dungeon (2/15)

Altars:


Message History

The adder is moderately wounded.
The adder misses you.
You closely miss the adder.
The adder is moderately wounded.
You feel sick. The adder bites you.
* * * LOW HITPOINT WARNING * * *
You are more poisoned.
The adder poisons you!
You hit the adder.
The adder is severely wounded.
The adder bites you but does no damage. The adder bites you.
* * * LOW HITPOINT WARNING * * *
Casting: Infusion
Confirm with . or Enter, or press ? or * to list all spells.
You begin infusing your attacks with magical energy.
* * * LOW HITPOINT WARNING * * *
You feel sick. The adder bites you.
* * * LOW HITPOINT WARNING * * *
The adder bites you.
You die...

############
#..........#
##########..........####
................@S......
##########.............#
#.............#
#.............#
#.....$.......#
############### .#
.######### .##......#


You could see an adder.

Vanquished Creatures
  An adder (D:2)
  3 worms (D:2)
  A giant gecko (D:1)
  4 bats
  5 goblins (D:1)
  3 hobgoblins
  4 jackals (D:2)
  4 kobolds
  2 quokkas (D:2)
  A ball python (D:1)
  2 giant newts
  5 rats
35 creatures vanquished.

Notes
Turn   | Place    | Note
--------------------------------------------------------------
     0 | D:1      | mindo the High Elf Skald began the quest for the Orb.
     0 | D:1      | Reached XP level 1. HP: 14/14 MP: 4/4
    86 | D:1      | Reached skill level 4 in Charms
   124 | D:1      | Reached XP level 2. HP: 19/19 MP: 3/6
   924 | D:2      | Reached XP level 3. HP: 12/24 MP: 7/7
  1183 | D:2      | Reached skill level 1 in Armour
  1306 | D:2      | HP: 1/24 [adder (4)]
  1307 | D:2      | Slain by an adder

Skill      XL: |  1  2  3 |
---------------+----------+-----
Charms         | 4 |  4.4
Long Blades    | 3 |  3.0
Armour         | 1 |  1.2
Fighting       | |  2.2
Short Blades   | |  0.5
Dodging        | |  1.3
Spellcasting   | |  2.8

Action                   || total
-------------------------++-------
Melee: Falchion          ||    29
       Short sword       ||    56
 Cast: Infusion          ||    11
  Use: Scroll            ||     2
  Eat: Bread ration      ||     1
       Fruit             ||     1
Armor: Leather armour    ||    39
Dodge: Dodged            ||    75
